 Dungeon Crawl Stone Soup version 0.31-a0-981-geadf994542 (webtiles) character file.

Game seed: 3170563753983980270

148 Fodor the Covered (level 5, 0/47 HPs)
             Began as a Minotaur Fighter on Oct 31, 2023.
             Killed by nerve-wracking pain
             ... invoked by an orc priest
              (9 damage)
             ... on level 4 of the Dungeon.
             The game lasted 00:09:08 (1872 turns).

Fodor the Covered (Minotaur Fighter)                Turns: 1872, Time: 00:09:09

Health: 0/47       AC: 12    Str: 23    XL:     5   Next: 8%
Magic:  4/4        EV:  6    Int:  5    God:
Gold:   181        SH:  0    Dex:  9    Spells: 4/4 levels left

rFire   . . .        a - +0 war axe
rCold   . . .        c - +0 buckler
rNeg    . . .        e - +0 plate armour
rPois   .            (helmet restricted)
rElec   .            (no cloak)
rCorr   .            (no gloves)
SInv    .            (no boots)
Will    .....        (no amulet) Stlth
                     (no ring)
HPRegen 0.27/turn    (no ring)
MPRegen 0.09/turn

%: no passive effects
@: confused, lethally poisoned (0 -> -15)
A: horns 2, retaliatory headbutt
a: no special abilities


You were on level 4 of the Dungeon.
You visited 1 branch of the dungeon, and saw 4 of its levels.

You collected 181 gold pieces.

Inventory:

Hand Weapons
 a - a +0 war axe (weapon)
Missiles
 n - 3 poisoned darts (quivered)
Armour
 b - a +0 scale mail
 c - a +0 buckler (worn)
 e - a +0 plate armour (worn)
Wands
 p - a wand of digging (6)
Scrolls
 g - 2 scrolls of amnesia {unknown}
 h - a scroll of fear {unknown}
 i - 5 scrolls of teleportation {unknown}
 k - 2 scrolls of enchant armour {unknown}
 l - a scroll of poison {unknown}
 m - 2 scrolls of revelation {unknown}
Potions
 d - 3 potions of curing {unknown}
 f - a potion of might
 j - a potion of brilliance {unknown}
 o - 2 potions of haste {unknown}
 q - a potion of attraction {unknown}


   Skills:
 + Level 4.3 Fighting
 + Level 4.6 Axes
 + Level 0.4 Throwing
 + Level 4.6 Armour
 + Level 0.1 Dodging
 + Level 4.2 Shields


You had 4 spell levels left.
You didn't know any spells.
Your spell library contained the following spells:

 Spells                   Type           Power      Damage    Failure   Level
 Summon Small Mammal      Summ           0%         N/A       100%        1
 Ensorcelled Hibernation  Hex/Ice        0%         N/A       100%        2
 Frozen Ramparts          Ice            0%         1d1       100%        3
 Petrify                  Tmut/Erth      0%         N/A       100%        4
 Freezing Cloud           Conj/Ice/Air   0%         6-21      100%        5
 Metabolic Englaciation   Hex/Ice        0%         N/A       100%        5
 Spellforged Servitor     Conj/Summ      0%         N/A       100%        7


Dungeon Overview and Level Annotations

Branches:
Dungeon (4/15)
 Temple: D:4-7

Altars:


Innate Abilities, Weirdness & Mutations

You have a pair of horns on your head.
You reflexively headbutt those who attack you in melee.


Message History

The orc priest casts a cantrip, but nothing happens.
The orc completely misses you.
The orc priest hits you but does no damage.
The orc hits you from afar with a +0 trident.
The orc wizard mumbles some strange words.
The orc wizard flickers and vanishes!
Deactivating autopickup; reactivate with Ctrl-A.
You barely miss something. Your headbutt misses something.
You closely miss the orc priest.
You feel very sick. You block something's attack.
The orc hits you but does no damage.
The orc priest hits you but does no damage.
You completely miss something.
You hit the orc priest but do no damage.
You feel very sick. Something hits you but does no damage.
You are more poisoned.
The orc priest hits you with a +0 hand axe.
The orc barely misses you.
You feel very sick.
You hear some strange, mumbled words.
You are confused.
You feel very sick.
The orc priest attacks as it pursues you!
The orc priest hits you but does no damage.
The orc attacks as it pursues you! The orc hits you but does no damage.
There is a stone staircase leading up here.
You bump into the rock wall.
You feel very sick. The orc closely misses you.
You barely miss the orc priest.
The orc priest is heavily wounded.
You miss something.
You feel sick.
The orc priest hits you but does no damage.
Something hits you but does no damage.
You are lethally poisoned!
The orc closely misses you.
The orc priest calls down the wrath of Beogh upon you.
Pain shoots through your body!
You die...

#..###.#
#.###......#
#........<.#
######.#####
####..######
#...........
##.#.....####
#.........#
#@o#......#
#..##.>.###
#o†###.##
#...[..# .#
#.##..... ..
......#...
....##.# ###
.##.## .# #.
#. .#


You could see an orc priest and an orc.

Vanquished Creatures
  An orc priest (D:3)
  2 adders (D:2)
  4 worms (D:3)
  3 dart slugs
  8 orcs
  6 ball pythons
  9 bats
  4 endoplasms
  2 giant cockroaches
  7 goblins
  6 hobgoblins
  6 jackals
  2 kobolds
  2 quokkas
  3 frilled lizards
  3 rats
68 creatures vanquished.

Notes
Turn   | Place    | Note
-------+----------+-------------------------------------------
     0 | D:1      | Fodor the Minotaur Fighter began the quest for the Orb.
     0 | D:1      | Reached XP level 1. HP: 19/19 MP: 0/0
   261 | D:1      | Reached XP level 2. HP: 27/27 MP: 1/1
   624 | D:1      | Reached XP level 3. HP: 33/33 MP: 2/2
   887 | D:2      | Identified the of Vumpoy
  1040 | D:2      | Found a faded altar of an unknown god.
  1218 | D:2      | Reached XP level 4. HP: 40/40 MP: 3/3
  1730 | D:3      | Reached XP level 5. HP: 30/46 MP: 4/4
  1842 | D:4      | Identified the "Yvimneen"
  1872 | D:4      | Killed from afar by an orc priest

Illustrated notes

Levels and vault maps discovered:
D:1:      roderic_chinese_lattice_arrival, layout_basic
D:2:      layout_basic, shapermc_ecumenical_altar_starsandcircs
D:3:      layout_rooms, nicolae_wormholes
D:4:      layout_loops_ring, nicolae_nh_ransacked_shop

Skill      XL: |  1  2  3  4 |
---------------+-------------+-----
Shields        | 4 |  4.2
Armour         | 4 |  4.6
Fighting       | 4 |  4.3
Axes           | 3 4 |  4.6
Throwing       | |  0.4
Dodging        | |  0.1

Action                     |  1- 3 |  4- 6 || total
---------------------------+-------+-------++-------
  Melee: War axe           |    79 |    55 ||   134
         Headbutt          |     8 |    10 ||    18
  Throw: Dart              |       |     3 ||     3
 Armour: Plate armour      |    95 |    58 ||   153
  Dodge: Dodged            |    27 |    28 ||    55
  Block: Buckler           |    32 |    15 ||    47

Table legend: (Time is in decaauts)
 A = Elapsed time spent in this place.
 B = Non-inter-level travel time spent in this place.
 C = Inter-level travel time spent in this place.
 D = Time resting spent in this place.
 E = Time spent auto-exploring this place.
 F = Levels seen in this place.
 G = Mean time per level.
                   A        B        C        D        E       F      G
               +--------+--------+--------+--------+--------+-----+--------+
         Total |   1919 |   1884 |     35 |      0 |      0 |   4 |  479.8 |
       Dungeon |   1919 |   1884 |     35 |      0 |      0 |   4 |  479.8 |
               +--------+--------+--------+--------+--------+-----+--------+

Top non-repeatable levels by time:
     D:1: 904 daAuts
     D:2: 507 daAuts
     D:3: 476 daAuts
     D:4: 32 daAuts
